 Dungeon Crawl Stone Soup version 0.24.0-125-gc4c63601f3 (webtiles) character file.

Game seed: 13745834730788535698, levelgen mode: deterministic

43648 Johnny the Gelid (level 13, -3/117 HPs)
             Began as a White Draconian Ice Elementalist on Feb 17, 2020.
             Was a High Priest of Vehumet.
             Slain by a lindwurm (7 damage)
             ... summoned by Kirke
             ... on level 13 of the Dungeon.
             The game lasted 00:43:02 (26972 turns).

Johnny the Gelid (DrIE)                            Turns: 26972, Time: 00:43:03

Health: -3/117     AC:  0    Str: 11    XL:     13   Next: 92%
Magic:  6/28       EV: 14    Int: 20    God:    Vehumet [*****.]
Gold:   844        SH:  0    Dex: 12    Spells: 11/35 levels left

rFire    . . .     SeeInvis .   (weapon currently unavailable)
rCold    . . .     Gourm    .   (shield currently unavailable)
rNeg     . . .     Faith    .   (armour unavailable)
rPois    .         Spirit   .   (helmet currently unavailable)
rElec    .         Reflect  .   (cloak currently unavailable)
rCorr    .         Harm     .   (gloves currently unavailable)
MR       .....                  (boots currently unavailable)
Stlth    ++........             l - amulet of magic regeneration
HPRegen  0.29/turn              (ring currently unavailable)
MPRegen  0.46/turn              (ring currently unavailable)

@: pig-form, very slightly contaminated, slowed
A: small, (breathe frost), unfitting armour, AC +8
a: Renounce Religion


You were on level 13 of the Dungeon.
You worshipped Vehumet.
Vehumet was extremely pleased with you.
You were very hungry.
You were a filthy swine.
You visited 3 branches of the dungeon, and saw 19 of its levels.
You also visited: Volcano.

You collected 1427 gold pieces.
You spent 583 gold pieces at shops.

Inventory:

Hand Weapons
 w - a +3 dagger of venom
Armour
 p - a +0 pair of gloves (melded)
 q - a +2 hat (melded)
 u - a +0 pair of boots (melded)
 A - a +2 buckler (melded)
 B - a scarf of resistance (melded)
Magical Staves
 M - an uncursed staff of power (melded)
Jewellery
 c - an uncursed ring of protection from magic
 f - an uncursed amulet of the gourmand
 l - an amulet of magic regeneration (around neck)
 o - an uncursed ring of protection from cold
 z - a ring of magical power (melded)
 C - an uncursed ring of fire
 I - an uncursed ring of protection from fire
 T - an uncursed ring of protection from fire
 U - the ring of Phasing (melded) {EV+8}
   (You found it on level 12 of the Dungeon)

   [ring of evasion]

   It affects your evasion (+8).
Wands
 y - a wand of flame (45)
 G - a wand of random effects (3)
 J - a wand of disintegration (10)
 O - a wand of clouds (4)
 Q - a wand of polymorph (8)
 S - a wand of iceblast (8)
Scrolls
 a - 5 scrolls of remove curse
 d - 5 scrolls of enchant armour
 k - 5 scrolls of teleportation
 m - a scroll of fog
 n - 4 scrolls of fear
 F - a scroll of brand weapon
 K - 4 scrolls of magic mapping
 L - a scroll of vulnerability
 P - a scroll of silence
Potions
 e - 6 potions of curing
 g - a potion of lignification
 i - 2 potions of mutation
 j - 4 potions of degeneration
 r - a potion of resistance
 s - 6 potions of flight
 t - 2 potions of haste
 v - 2 potions of brilliance
 E - a potion of cancellation
 V - a potion of might {unknown}
Miscellaneous
 D - a phantom mirror
 H - a lightning rod (3/4)
Comestibles
 b - 12 rations
 h - 3 chunks of flesh


   Skills:
 + Level 11.7 Fighting
 - Level 1.7 Dodging
 - Level 1.7 Stealth
 - Level 4.5 Shields
 + Level 11.8 Spellcasting
 - Level 1.0 Conjurations
 * Level 19.1 Ice Magic


You had 11 spell levels left.
You knew the following spells:

 Your Spells              Type           Power        Failure   Level  Hunger
a - Freeze                Ice            ####         0%          1    None
b - Throw Icicle          Conj/Ice       ######..     1%          4    #......
c - Summon Ice Beast      Ice/Summ       ######..     1%          4    #......
d - Ozocubu's Armour      Chrm/Ice       ######..     1%          3    None
e - Bolt of Cold          Conj/Ice       ######....   4%          6    ######.
f - Iron Shot             Conj/Erth      ##........   83%         6    ######.

Your spell library contained the following spells:

 Spells                   Type           Power        Failure   Level  Hunger
 Ozocubu's Refrigeration  Ice            ######....   1%          6    ######.
 Shock                    Conj/Air       ##..         1%          1    None
 Throw Frost              Conj/Ice       ######       1%          2    None
 Static Discharge         Conj/Air       ##......     4%          3    None
 Swiftness                Chrm/Air       ##......     9%          2    None
 Airstrike                Air            ##........   16%         4    #......
 Lightning Bolt           Conj/Air       ##........   32%         5    ####...


Dungeon Overview and Level Annotations

Branches:
Dungeon (14/15)            Temple (1/1) D:4            Lair (4/6) D:8
  Swamp (0/4) Lair:2       Spider (0/4) Lair:3          Orc (0/2) D:11
Volcano (visited)
 Vaults: D:13-14

Altars:
Ashenzari
Cheibriados
Dithmenos
Elyvilon
Fedhas
Gozag
Hepliaklqana
Kikubaaqudgha
Makhleb
Nemelex Xobeh
Okawaru
Qazlal
Ru
Sif Muna
Trog
Uskayaw
Vehumet
Wu Jian
Xom
Yredelemnul
Zin
The Shining One
Beogh

Shops:
D:5 :   D:8 [   D:10 ?   D:11 (

Portals:
Trove: D:13 (give 9 potions of haste)

Annotations:
D:3 exclusion: oklob plant
D:5 3 runed translucent doors, Martska's ghost, novice MfIE
D:8 1 transporter, OwlCat's ghost, novice SpAs
D:13 Kirke
D:14 1 transporter
Lair:1 1 runed translucent door, hitsuchi's ghost, journeyman DrTm


Innate Abilities, Weirdness & Mutations

((You can breathe waves of freezing cold.))
((You can buffet flying creatures when you breathe cold.))
((Your icy white scales are hard. (AC +8)))
You cannot fit into any form of body armour.
((Your flesh is cold resistant. (rC+)))
((You are cold-blooded and may be slowed by cold attacks.))


Message History

You feel your magic capacity decrease. The lindwurm misses you.
The lindwurm claws you.
* * * LOW HITPOINT WARNING * * *
The lindwurm claws you!
* * * LOW HITPOINT WARNING * * *
You hear some strange, mumbled words.
Something tries to affect you, but you resist.
The lindwurm barely misses you. x2; The lindwurm claws you.
* * * LOW HITPOINT WARNING * * *
Unknown command.
Okay, then.
You hear some strange, mumbled words.
Something tries to affect you, but you resist.
The lindwurm breathes flames at you. The blast of flame misses you.
Unknown command.
The lindwurm bites you!!
* * * LOW HITPOINT WARNING * * *
The lindwurm claws you!
You die...

........#..#.☼.......#
..........##...○○....#
........####...○☼.)..#
........# #..☼§☼....#
#.####### ####☼######
#.# #☼# #.# #.## #.###
#.k# #...# ###h####
###'## #......# .....#
######......# ....<#
#...........#
.....####.####......#
.....'....# #......#
.....###### #......#
###'## #......# #.#
####.###


You could see a lindwurm.

Vanquished Creatures
  Jorgrun (D:14)
  Gastronok (Lair:3)
  2 hydras
  6 two-headed ogres
  A centaur warrior (D:14)
  2 ogre magi
  A queen ant (D:10)
  5 skeletal warriors (D:12)
  An unseen horror (D:12)
  A deep elf mage (D:12)
  A lindwurm (Lair:2)
  3 ugly things
  2 cyclopes
  5 manticores
  An elephant (Lair:4)
  A gargoyle (D:11)
  A rime drake (Lair:2)
  2 kobold demonologists (D:12)
  2 komodo dragons
  6 trolls
  A hornet (D:7)
  4 blink frogs
  2 hippogriffs
  Sigmund (D:2)
  3 vampires
  3 hogs (D:14)
  A shadow (D:13)
  A wraith (D:11)
  A wyvern (D:10)
  12 yaks
  2 hungry ghosts
  6 fire bats (Volcano)
  A steam dragon (D:12)
  17 soldier ants
  4 water moccasins
  2 hornet zombies
  2 porcupines
  7 orc warriors
  4 phantoms
  3 sky beasts
  8 ogres
  2 ice beasts
  An eye of draining (D:13)
  3 wolves (Lair:3)
  3 crocodiles
  11 centaurs
  2 big kobolds
  14 bullfrogs
  A wyvern zombie (D:11)
  4 scorpions
  A water moccasin skeleton (D:10)
  4 wights
  An electric eel (Lair:2)
  3 crimson imps
  5 lava snakes (Volcano)
  3 jellies
  3 bullfrog zombies
  4 centaur zombies
  10 orc priests
  Crazy Yiuf (D:3)
  12 hounds
  4 bullfrog skeletons
  An iguana (D:6)
  17 orc wizards
  30 worker ants
  A hell rat (Lair:3)
  A hound zombie (D:9)
  2 hound skeletons
  A howler monkey zombie (D:7)
  4 gnolls
  A howler monkey skeleton (D:9)
  8 adders
  A river rat (Lair:3)
  3 shadow imps
  2 oozes
  An adder zombie (D:8)
  2 adder skeletons
  3 worms
  2 dart slugs
  4 leopard geckos
  50 orcs
  A ball python (D:1)
  4 giant cockroaches
  5 goblins
  5 hobgoblins
  6 jackals
  14 kobolds
  5 quokkas
  11 bats
  7 frilled lizards
  A jackal skeleton (D:5)
  A jackal zombie (D:8)
  2 leopard gecko skeletons
  5 rats
423 creatures vanquished.

Vanquished Creatures (collateral kills)
  3 hydras
  2 elephants (Lair:4)
  A black mamba (Lair:3)
  2 spiny frogs
  A hornet (D:8)
  3 blink frogs
  Prince Ribbit (D:7)
  3 hippogriffs
  A shadow (D:14)
  A tarantella (Lair:3)
  6 yaks
  2 wyverns (Lair:3)
  A basilisk (D:8)
  A steam dragon (Lair:3)
  5 vampire mosquitoes (Lair:2)
  Menkaure (D:4)
  3 soldier ants (D:10)
  3 water moccasins
  4 porcupines (D:8)
  An orc warrior (D:6)
  9 wolves
  3 ogres
  4 crocodiles
  3 bullfrogs
  9 wights
  2 orc priests (D:9)
  A hound (D:9)
  4 jellies
  3 orc wizards
  2 iguanas
  A hell rat (Lair:3)
  A worker ant (D:8)
  3 gnolls (D:9)
  2 adders
  6 river rats (Lair:3)
  A shadow imp (D:6)
  4 oozes (D:9)
  8 orcs
  3 kobolds (D:10)
  A quokka skeleton (D:9)
  A rat (Lair:3)
  2 fungi
  A plant (Lair:3)
119 creatures vanquished.

Vanquished Creatures (others)
  A two-headed ogre (Volcano)
  An ugly thing (D:14)
  Grinder (D:4)
  A soldier ant (D:10)
  2 wights (D:8)
  6 fungi
12 creatures vanquished.

Grand Total: 554 creatures vanquished

Notes
Turn   | Place    | Note
-------+----------+-------------------------------------------
     0 | D:1      | Johnny the Draconian Ice Elementalist began the quest for
                  | the Orb.
     0 | D:1      | Reached XP level 1. HP: 14/14 MP: 3/3
   526 | D:1      | Reached XP level 2. HP: 20/20 MP: 5/5
  1275 | D:2      | Reached XP level 3. HP: 20/26 MP: 0/7
  1782 | D:2      | Noticed Sigmund
  1801 | D:2      | Killed Sigmund
  1801 | D:2      | Reached skill level 4 in Ice Magic
  1801 | D:2      | Reached XP level 4. HP: 27/33 MP: 0/9
  1801 | D:2      | Reached XP level 5. HP: 31/38 MP: 0/10
  2733 | D:3      | Reached XP level 6. HP: 32/45 MP: 3/11
  3012 | D:3      | Found a faded altar of an unknown god.
  3079 | D:3      | Found a runed translucent door.
  3080 | D:3      | Noticed Crazy Yiuf
  3147 | D:3      | Found a blossoming altar of Fedhas.
  3162 | D:3      | Noticed an oklob plant
  3258 | D:3      | Killed Crazy Yiuf
  3258 | D:3      | Reached skill level 5 in Ice Magic
  3297 | D:4      | Found a shimmering altar of Xom.
  3298 | D:4      | Found a shimmering altar of Xom.
  3298 | D:4      | Found a shimmering altar of Xom.
  3299 | D:4      | Found a shimmering altar of Xom.
  3300 | D:4      | Found a shimmering altar of Xom.
  3430 | D:4      | Found a staircase to the Ecumenical Temple.
  3465 | D:4      | Noticed Menkaure
  3490 | D:5      | Entered Level 5 of the Dungeon
  3672 | D:5      | HP: 2/45 [ogre/+0 giant spiked club (11)]
  3678 | D:5      | Your scales start taking on an icy white colour.
  3678 | D:5      | Reached skill level 6 in Ice Magic
  3678 | D:5      | Reached XP level 7. HP: 14/50 MP: 8/13
  3678 | D:5      | Gained mutation: Your flesh is cold resistant. (rC+) [White
                  | Draconian growth]
  4004 | D:5      | Learned a level 4 spell: Throw Icicle
  4009 | D:5      | Learned a level 4 spell: Summon Ice Beast
  4046 | D:5      | Found Itigo's Book Shop.
  4112 | D:5      | Reached skill level 7 in Ice Magic
  4260 | D:5      | Reached skill level 5 in Spellcasting
  4333 | D:5      | Found a runed translucent gate.
  4333 | D:5      | Noticed Martska's ghost (novice MfIE)
  4334 | D:5      | Found a runed translucent gate.
  4335 | D:5      | Found a runed translucent gate.
  4337 | D:5      | Identified the +3 chain mail "Uteusk" {rElec rC+++ Int-4
                  | SInv}
  4341 | D:5      | Found a roughly hewn altar of Beogh.
  4811 | D:4      | Noticed Grinder
  4977 | D:4      | Reached XP level 8. HP: 53/57 MP: 11/16
  5127 | D:4      | Reached skill level 8 in Ice Magic
  5177 | D:4      | Killed Menkaure
  5385 | D:4      | Killed Grinder
  5570 | Temple   | Entered the Ecumenical Temple
  5655 | Temple   | Became a worshipper of Vehumet
  6186 | D:6      | HP: 2/57 [bullfrog skeleton (6)]
  6456 | D:6      | Reached skill level 9 in Ice Magic
  7294 | D:6      | Reached * piety under Vehumet
  7294 | D:6      | Offered knowledge of Flame Tongue by Vehumet.
  7366 | D:6      | Reached skill level 10 in Ice Magic
  7670 | D:7      | Learned a level 3 spell: Ozocubu's Armour
  7674 | D:7      | Noticed a hornet
  7688 | D:7      | Killed a hornet
  7688 | D:7      | Reached skill level 1 in Fighting
  7688 | D:7      | Reached XP level 9. HP: 53/64 MP: 6/18
  8182 | D:7      | Noticed Prince Ribbit
  8191 | D:7      | Killed Prince Ribbit
  8904 | D:8      | Reached ** piety under Vehumet
  8904 | D:8      | Reached skill level 11 in Ice Magic
  9049 | D:8      | Found a staircase to the Lair.
  9057 | D:8      | Found Asyxkemi's Antique Armour Boutique.
  9066 | D:8      | Offered knowledge of Sandblast by Vehumet.
  9293 | D:8      | Bought a runed scarf for 272 gold pieces
  9434 | D:8      | Noticed OwlCat's ghost (novice SpAs)
  9456 | D:8      | Found a transporter.
  9468 | D:8      | Paralysed by a hornet for 2 turns
  9661 | D:8      | Reached skill level 12 in Ice Magic
  9818 | D:8      | Found a white marble altar of Elyvilon.
  9818 | D:8      | Found an ancient bone altar of Kikubaaqudgha.
  9819 | D:8      | Found a sacrificial altar of Ru.
  9822 | D:8      | Found a shadowy altar of Dithmenos.
 10302 | D:8      | Reached XP level 10. HP: 69/80 MP: 12/21
 10826 | D:9      | Offered knowledge of Conjure Flame by Vehumet.
 11144 | D:9      | Reached skill level 5 in Fighting
 11640 | D:9      | Reached *** piety under Vehumet
 12263 | Lair:1   | Entered Level 1 of the Lair of Beasts
 12294 | Lair:1   | Offered knowledge of Static Discharge by Vehumet.
 12319 | Lair:1   | Found a runed translucent door.
 12320 | Lair:1   | Found a shimmering altar of Xom.
 12320 | Lair:1   | Noticed a +1 flail of chaos
 12320 | Lair:1   | Noticed hitsuchi's ghost (journeyman DrTm)
 12328 | Lair:1   | Noticed a spiny frog
 12338 | Lair:1   | Killed a spiny frog
 12593 | Lair:1   | Noticed a four-headed hydra
 12600 | Lair:1   | Killed a four-headed hydra
 12600 | Lair:1   | Reached skill level 13 in Ice Magic
 13774 | Lair:2   | Found a dark tunnel.
 13774 | Lair:2   | Noticed a lindwurm
 13794 | Lair:2   | Killed a lindwurm
 13817 | Volcano  | Entered a volcano
 14056 | Volcano  | Reached skill level 14 in Ice Magic
 14059 | Volcano  | Reached XP level 11. HP: 69/91 MP: 2/23
 14439 | Volcano  | Noticed an obsidian statue
 14439 | Volcano  | Noticed a two-headed ogre
 14629 | Volcano  | Noticed an ogre mage
 14643 | Volcano  | Killed a two-headed ogre
 14656 | Volcano  | Killed an ogre mage
 14676 | Volcano  | Noticed a hell knight
 15619 | Lair:2   | Reached **** piety under Vehumet
 15972 | Lair:2   | Found a staircase to the Swamp.
 16036 | Lair:2   | Offered knowledge of Venom Bolt by Vehumet.
 16541 | Lair:3   | Noticed a five-headed hydra
 16551 | Lair:3   | Killed a five-headed hydra
 17446 | Lair:3   | Noticed a six-headed hydra
 17455 | Lair:3   | Killed a six-headed hydra
 17506 | Lair:3   | Noticed Gastronok
 17679 | Lair:3   | Found a hole to the Spider Nest.
 18099 | Lair:3   | Reached ***** piety under Vehumet
 18099 | Lair:3   | Reached skill level 15 in Ice Magic
 18282 | Lair:3   | Offered knowledge of Bolt of Cold by Vehumet.
 19679 | Lair:3   | Killed Gastronok
 20422 | D:9      | Learned a level 6 spell: Bolt of Cold
 20423 | D:10     | Entered Level 10 of the Dungeon
 20784 | D:10     | Reached XP level 12. HP: 101/103 MP: 16/25
 20914 | D:10     | Reached skill level 10 in Spellcasting
 20926 | D:10     | Reached skill level 16 in Ice Magic
 20995 | D:10     | Noticed a queen ant
 21001 | D:10     | Killed a queen ant
 21903 | D:10     | Offered knowledge of Yara's Violent Unravelling by Vehumet.
 21911 | D:10     | Found Pomu's Magic Scroll Emporium.
 21919 | D:10     | Bought a scroll of fear for 45 gold pieces
 21919 | D:10     | Bought a scroll of identify for 26 gold pieces
 21919 | D:10     | Bought a scroll of teleportation for 39 gold pieces
 21919 | D:10     | Bought a scroll of identify for 26 gold pieces
 21919 | D:10     | Bought a scroll of identify for 26 gold pieces
 21919 | D:10     | Bought a scroll of enchant armour for 97 gold pieces
 21919 | D:10     | Bought a scroll of identify for 26 gold pieces
 21919 | D:10     | Bought a scroll of identify for 26 gold pieces
 23002 | D:11     | Found a staircase to the Orcish Mines.
 23071 | D:11     | Reached skill level 17 in Ice Magic
 23100 | D:11     | Reached skill level 10 in Fighting
 23297 | D:11     | Found Boafaud's Antique Weapon Emporium.
 23301 | D:11     | Noticed a six-headed hydra
 23324 | D:11     | Killed a six-headed hydra
 24075 | D:12     | Offered knowledge of Iron Shot by Vehumet.
 24385 | D:12     | Reached XP level 13. HP: 31/114 MP: 6/27
 24702 | D:12     | Found the ring of Phasing {EV+8}
 25461 | D:13     | Reached skill level 18 in Ice Magic
 26122 | D:13     | Learned a level 6 spell: Iron Shot
 26459 | D:13     | Found a portal to a secret trove of treasure.
 26616 | D:14     | Offered knowledge of Ozocubu's Refrigeration by Vehumet.
 26767 | D:14     | Noticed Jorgrun
 26786 | D:14     | Found a transporter.
 26878 | D:14     | Noticed a fire dragon
 26879 | D:14     | Noticed a fire dragon
 26880 | D:14     | Found the +2 shield of Resistance {rF+ rC+ MR+}
 26922 | D:14     | Killed Jorgrun
 26922 | D:14     | Reached skill level 19 in Ice Magic
 26951 | D:14     | Noticed Kirke
 26972 | D:13     | HP: 4/117 [lindwurm[Kirke] (19)]
 26972 | D:13     | Slain by a lindwurm

Levels and vault maps discovered:
D:1:      roderic_chinese_lattice_arrival, layout_basic, minmay_box_of_dots
D:2:      layout_rooms, hex_large, minivault_27, chequers_big_river,
          st_stairs_5, minmay_misc_feat_pillars, uniq_sigmund
D:3:      layout_rooms, chequers_ecumenical_altar_island, first_ration,
          tgw_fedhas, uniq_crazy_yiuf_cottage
D:4:      layout_loops_cross, xom_redecorated, lemuel_temple_firewalk_b,
          uniq_grinder, uniq_menkaure
D:5:      layout_gridville, serial_shops, nicolae_shop_behind_doors,
          biasface_ghost_orc_armoury
D:6:      layout_rooms, chequers_serial_rivers_marsh
D:7:      layout_basic, uniq_prince_ribbit1
D:8:      layout_cave_pods, minitemple, minmay_lair_entry_grove,
          gammafunk_ghost_hive, serial_shops, shop
D:9:      layout_stronghold, hangedman_little_slice_of_home,
          minmay_fractal_squares_gapless_5
D:10:     layout_rooms, serial_co_window_serial, co_window_corner_a,
          co_window_corner_a, co_window_corner_a, co_window_of_opportunity_a,
          co_window_paths_a, co_window_paths_b, co_window_broadway_c,
          co_window_broadway_a, co_window_cross_2, co_window_sun,
          glass_columns_c, serial_shops, nicolae_shop_statue_plus, minivault_29
D:11:     layout_long_grid, david_orc_4, serial_shops, shop
D:12:     layout_long_grid, minmay_misc_feat_hallway
D:13:     layout_roguey, enter_trove_6
D:14:     layout_rooms, erik_vaults_1, portal_ice_cave_entry_imps,
          gammafunk_ghost_berserking_beasts, minmay_guarded_unrand_resistance,
          uniq_jorgrun, uniq_kirke
Temple:   minmay_crystal_spiral_temple
Lair:1:   layout_chaotic_city, ebering_ghost_xom, lemuel_fruit_tree
Lair:2:   layout_gridlike, minmay_swamp_entry_swarm,
          nicolae_volcano_entry_vermiform, serial_bayou_shore_a
Lair:3:   layout_small_grid, spider_nest_entry_rubble, kennysheep_rathole,
          lemuel_fruit_fields, uniq_gastronok
Lair:4:   layout_regular_city

Skill      XL: |  1  2  3  4  5  6  7  8  9 10 11 12 13 |
---------------+----------------------------------------+-----
Shields        | 2 3 4 |  4.5
Spellcasting   | 3 4 5 6 7 8 9 10 11 | 11.8
Ice Magic      | 4 6 7 10 12 14 15 17 19 | 19.1
Fighting       | 1 4 6 8 10 11 | 11.7
Dodging        | |  1.7
Stealth        | |  1.7
Conjurations   | |  1.0

Action                   |  1- 3 |  4- 6 |  7- 9 | 10-12 | 13-15 || total
-------------------------+-------+-------+-------+-------+-------++-------
Melee: Unarmed           |    43 |       |       |       |       ||    43
       Tailslap          |     6 |     9 |    23 |    56 |     5 ||    99
       Trident           |     9 |   100 |   122 |       |       ||   231
       Dagger            |       |       |   134 |   493 |    26 ||   653
       Staff             |       |       |       |       |    10 ||    10
 Cast: Freeze            |    41 |    63 |   126 |    76 |    16 ||   322
       Throw Icicle      |       |       |    33 |   126 |    61 ||   220
       Summon Ice Beast  |       |       |    62 |   117 |       ||   179
       Ozocubu's Armour  |       |       |    21 |    33 |     1 ||    55
       Bolt of Cold      |       |       |       |   109 |    79 ||   188
 Abil: Breathe Frost     |       |       |       |       |     1 ||     1
Evoke: Wand              |       |       |     3 |    16 |     9 ||    28
       Lightning rod     |       |       |       |       |     4 ||     4
  Use: Scroll            |       |     5 |     2 |    20 |     7 ||    34
       Potion            |       |     4 |     2 |     4 |     3 ||    13
 Stab: Sleeping          |     2 |     7 |     4 |     3 |       ||    16
       Distracted        |     1 |       |     3 |     3 |       ||     7
  Eat: Chunk             |     3 |     6 |    25 |    64 |    16 ||   114
       Ration            |       |       |     3 |    13 |     5 ||    21
Armor: Skin              |    32 |    32 |   112 |   237 |    37 ||   450
Dodge: Dodged            |    62 |    74 |   213 |   377 |    93 ||   819
Block: Buckler           |       |    30 |    98 |   219 |    48 ||   395
